 Dungeon Crawl Stone Soup version 0.23-a0-470-g6f7cfd9 (webtiles) character file.

5741 Lavandula the Thaumaturge (level 10, 0/102 (103) HPs)
             Began as a Naga Air Elementalist on Nov 26, 2018.
             Was a Believer of Ru.
             Slain by a hippogriff (8 damage)
             ... on level 9 of the Dungeon.
             The game lasted 00:30:58 (4699 turns).

Lavandula the Thaumaturge (Naga Air Elementalist)   Turns: 4699, Time: 00:30:59

HP:   0/102 (103)   AC:  4    Str: 10    XL:     10   Next: 77%
MP:   1/22          EV: 10    Int: 22    God:    Ru [**....]
Gold: 320           SH:  0    Dex: 11    Spells: 16/26 levels left

rFire    . . .     SeeInvis +   o - +6 scimitar
rCold    . . .     Gourm    .   (no shield)
rNeg     . . .     Faith    .   a - +0 robe
rPois    +         Spirit   .   (no helmet)
rElec    .         Reflect  .   (no cloak)
rCorr    .         Harm     .   (no gloves)
MR       ++...                  (no barding)
Stlth    ++........             y - amulet of inaccuracy (curse)
HPRegen  0.27/turn              u - ring of protection from magic
MPRegen  0.18/turn              v - -2 ring of evasion (curse)

@: short of breath, no potions, very slow
A: large, see invisible, clever 1, deformed body, poison resistance, robust 1,
slowness 2, slow metabolism 1, spit poison 1, inability to drink while
threatened, inability to train armour, AC +3
a: Spit Poison, Renounce Religion


You were on level 9 of the Dungeon.
You worshipped Ru.
Ru was pleased with you.
You were hungry.

You visited 2 branches of the dungeon, and saw 13 of its levels.

You collected 356 gold pieces.
You spent 36 gold pieces at shops.

Inventory:

Hand Weapons
 e - a +0 spear
 g - a +2 dire flail of draining
 o - a +6 scimitar (weapon)
 q - a +0 hand axe of electrocution
 r - a +3 halberd
Missiles
 b - 4 tomahawks of returning
 j - 8 tomahawks (quivered)
Armour
 a - a +0 robe (worn)
Jewellery
 h - an uncursed ring of stealth
 l - a +4 ring of intelligence
 n - an uncursed ring of positive energy
 s - a +3 ring of evasion
 u - a ring of protection from magic (left hand)
 v - a cursed -2 ring of evasion (right hand)
 w - an uncursed amulet of rage
 y - a cursed amulet of inaccuracy (around neck)
Scrolls
 i - 2 scrolls of enchant armour
 k - 2 scrolls of teleportation
 p - a scroll of fog
 A - 4 scrolls of magic mapping
Potions
 d - 2 potions of lignification
 f - a potion of flight {unknown}
 t - a potion of degeneration {unknown}
 x - a potion of haste {unknown}
 z - a potion of brilliance {unknown}
Miscellaneous
 m - a fan of gales (inert)
 B - a lamp of fire
Comestibles
 c - 6 rations


   Skills:
 - Level 7.0 Fighting
 - Level 5.5 Dodging
 - Level 3.0 Stealth
 + Level 4.3 Unarmed Combat
 - Level 8.7 Spellcasting
 - Level 1.0 Conjurations
 - Level 7.9 Air Magic


You had 16 spell levels left.
You knew the following spells:

 Your Spells              Type           Power        Failure   Level  Hunger
a - Shock                 Conj/Air       ####         1%          1    None
b - Swiftness             Chrm/Air       ####....     1%          2    None
c - Static Discharge      Conj/Air       ####....     3%          3    None
d - Airstrike             Air            #####.....   2%          4    ##.....

Your spell library contained the following spells:

 Spells                   Type           Power        Failure   Level  Hunger
 Lightning Bolt           Conj/Air       ####......   30%         5    #####..


Dungeon Overview and Level Annotations

Branches:
Dungeon (12/15)               Orc (1/2) D:11
 Temple: D:4-7         Lair: D:8-11

Altars:
Qazlal
Ru
Vehumet
Wu Jian

Shops:
D:8 *

Annotations:
D:4 Natasha


Innate Abilities, Weirdness & Mutations

You cannot wear boots.
Your serpentine skin is tough. (AC +3)
You have supernaturally acute eyesight. (SInv)
Armour fits poorly on your strangely shaped body.
Your system is resistant to poisons. (rPois)
You cover ground very slowly.
You have a slow metabolism.
You can spit poison.
You cannot drink potions while threatened.
You cannot train Armour skill.
Your mind is acute. (Int +2)
You are robust. (+10% HP)


Message History

Unknown command.
You cannot drink potions in your current state!
Unknown command.
You hit the hippogriff.
The hippogriff is severely wounded.
The hippogriff closely misses you. The hippogriff barely misses you. x2
Unknown command.
You cannot drink potions in your current state!
Unknown command.
You hit the hippogriff but do no damage.
The hippogriff is severely wounded.
The hippogriff bites you.
* * * LOW HITPOINT WARNING * * *
The hippogriff pecks you!
* * * LOW HITPOINT WARNING * * *
The hippogriff claws you.
* * * LOW HITPOINT WARNING * * *
The hippogriff closely misses you. The hippogriff barely misses you.
The hippogriff claws you!
You die...

#...# #.# ######...###.#
###.# #.# ##.## #.# #.#
#.# #.# #.#
#####.######.# #.# #.#
#.........##.# ##.####.#
#.###.###.##.# #...(...#
#.# #.##.# #..######
#.###.##†########..#
#.........H@.......#####
#####.###.#######......#
#..#).# ######.#####
..z....)# #.#....
..#####.. #.#.### .#
.#.. #.#.# .# # #..
#.#.# # #. ..# #<#.# #
..# ######.#.###


You could see a hippogriff.

Vanquished Creatures
  A troll (D:11)
  A hornet (D:8)
  4 hippogriffs
  Sigmund (D:4)
  2 hungry ghosts
  Edmund (D:4)
  A water moccasin (D:9)
  Duvessa (D:4)
  7 orc warriors
  A sky beast (D:7)
  A black bear (D:11)
  2 necrophages
  7 centaurs (D:11)
  4 ogres
  A bullfrog (D:6)
  Dowan (D:4)
  A scorpion (D:9)
  A killer bee (D:8)
  6 wights
  4 crimson imps
  2 bullfrog zombies
  A quasit (D:11)
  6 orc priests
  6 hounds
  9 orc wizards
  A jelly (D:11)
  2 bullfrog skeletons
  An iguana (D:9)
  Natasha (twice) (D:4)
  11 worker ants
  3 gnolls (D:4)
  A howler monkey skeleton (D:5)
  4 adders
  2 shadow imps
  2 oozes
  An adder zombie (D:5)
  An adder skeleton (D:6)
  2 worms
  2 leopard geckos
  49 orcs
  8 bats
  5 giant cockroaches
  4 goblins
  2 hobgoblins
  2 jackals (D:8)
  6 kobolds
  2 quokkas
  2 ball pythons
  A quokka zombie (D:5)
  5 rats
193 creatures vanquished.

Vanquished Creatures (others)
  A necrophage (D:5)
  An orc (D:11)
2 creatures vanquished.

Grand Total: 195 creatures vanquished

Notes
Turn   | Place    | Note
-------+----------+-------------------------------------------
     0 | D:1      | Lavandula the Naga Air Elementalist began the quest for the
                  | Orb.
     0 | D:1      | Reached XP level 1. HP: 15/15 MP: 3/3
   194 | D:2      | Reached XP level 2. HP: 21/22 MP: 5/5
   336 | D:2      | Reached skill level 3 in Spellcasting
   386 | D:2      | Reached XP level 3. HP: 26/28 MP: 3/7
   390 | D:2      | Learned a level 2 spell: Swiftness
   465 | D:3      | Found a stormy altar of Qazlal.
   477 | D:3      | Found an ornate altar of the Wu Jian Council.
   480 | D:3      | Found a radiant altar of Vehumet.
   483 | D:3      | Found a sacrificial altar of Ru.
   487 | D:3      | Became a worshipper of Ru the Awakened
   552 | D:3      | Reached XP level 4. HP: 36/36 MP: 8/8
   575 | D:3      | Learned a level 3 spell: Static Discharge
   601 | D:4      | Reached XP level 5. HP: 42/42 MP: 1/10
   636 | D:4      | Learned a level 4 spell: Airstrike
   734 | D:4      | Reached skill level 5 in Air Magic
   860 | D:5      | Entered Level 5 of the Dungeon
   890 | D:5      | Noticed an ogre
   898 | D:5      | Killed an ogre
   898 | D:5      | Reached XP level 6. HP: 22/52 MP: 5/11
   911 | D:5      | Gained mutation: Your mind is acute. (Int +2) [potion of
                  | mutation]
   911 | D:5      | Gained mutation: You are robust. (+10% HP) [potion of
                  | mutation]
   951 | D:4      | Noticed Edmund
   951 | D:4      | Noticed Natasha
   997 | D:4      | Noticed Sigmund
  1010 | D:4      | Killed Natasha
  1072 | D:4      | Killed Sigmund
  1072 | D:4      | Reached XP level 7. HP: 22/66 MP: 0/12
  1162 | D:4      | Noticed Natasha
  1170 | D:4      | Killed Natasha
  1247 | D:4      | Noticed Dowan
  1288 | D:4      | Killed Dowan
  1294 | D:4      | Noticed Duvessa
  1334 | D:4      | HP: 1/66 [Duvessa/cursed -2 short sword (9)]
  1338 | D:4      | Killed Duvessa
  1583 | D:4      | Reached skill level 5 in Dodging
  1687 | D:4      | Killed Edmund
  1687 | D:4      | Reached XP level 8. HP: 25/73 MP: 1/13
  1694 | D:4      | Noticed Natasha
  1900 | D:5      | Gained mutation: You cannot drink potions while threatened.
                  | [Ru sacrifice]
  1900 | D:5      | Reached * piety under Ru
  2245 | D:5      | Reached skill level 5 in Fighting
  2477 | D:7      | Reached XP level 9. HP: 89/89 MP: 3/14
  2691 | D:8      | Found Ifutepac's Changing Room.
  2706 | D:8      | Bought a potion of lignification for 36 gold pieces
  2798 | D:8      | Reached skill level 1 in Unarmed Combat
  2838 | D:8      | Noticed a hornet
  3207 | D:8      | Killed a hornet
  3294 | D:8      | You fall through a shaft for 3 floors!
  3339 | D:11     | Reached skill level 4 in Spellcasting
  3418 | D:11     | Gained mutation: You cannot train Armour skill. [Ru
                  | sacrifice]
  3418 | D:11     | Reached ** piety under Ru
  3472 | D:11     | Reached skill level 5 in Spellcasting
  3479 | D:11     | Reached XP level 10. HP: 51/102 MP: 1/18
  3508 | D:11     | Reached skill level 6 in Spellcasting
  3797 | D:11     | Reached skill level 7 in Spellcasting
  3960 | D:11     | Found a staircase to the Orcish Mines.
  3970 | Orc:1    | Entered Level 1 of the Orcish Mines
  3970 | Orc:1    | Noticed an orc warlord
  4100 | D:11     | Reached skill level 8 in Spellcasting
  4191 | D:10     | Entered Level 10 of the Dungeon
  4191 | D:10     | Noticed a gargoyle
  4191 | D:10     | Noticed a two-headed ogre
  4699 | D:9      | Slain by a hippogriff

Vault maps used:
D:1:      beargit_arrival_greenhouse, serial_forest, infiniplex_forest_diagonal,
          infiniplex_forest_clump_small, infiniplex_forest_pool,
          infiniplex_forest_zigzag_1, infiniplex_forest_clump_medium,
          infiniplex_forest_end_1, hangedman_decor_opposing
D:2:      grunt_ministairs_14, cheibriados_altar_1
D:3:      grunt_temple_overflow_cloverleaf, lemuel_round_altar,
          gammafunk_temple_overflow_elements, first_ration,
          minmay_misc_feat_tower, grunt_ministairs_9
D:4:      grunt_temple_overflow_order_and_chaos_2, uniq_edmund, uniq_sigmund,
          uniq_duvessa, uniq_natasha
D:6:      minmay_temple_entry_statues, kennysheep_generic_room_9
D:7:      serial_shops, kennysheep_mini
D:8:      serial_shops, shop, hangedman_pestilent_swarm, minivault_11,
          chequers_serial_rivers_room_b, nicolae_transmutations_shop,
          nemelex_lonely_heart_becter
D:9:      minmay_circle_x
D:10:     dpeg_oklobed_lair, grunt_ministairs_11
D:11:     hiddenorc1_lemuel
D:12:     kennysheep_generic_room_5, uniq_urug, uniq_fannar
Orc:1:    portal_ice_cave_rime, special_room, enter_volcano_2, serial_shops,
          nicolae_shop_behind_doors

Skill      XL: |  1  2  3  4  5  6  7  8  9 10 |
---------------+-------------------------------+-----
Spellcasting   | 3 5 8 |  8.7
Air Magic      | 4 5 6 7 |  7.9
Fighting       | 2 5 7 |  7.0
Dodging        | 3 5 |  5.5
Unarmed Combat | 2 4 |  4.3
Stealth        | |  3.0
Conjurations   | |  1.0

Action                   |  1- 3 |  4- 6 |  7- 9 | 10-12 || total
-------------------------+-------+-------+-------+-------++-------
Melee: Spear             |     9 |    11 |    62 |       ||    82
       Scimitar          |       |       |    10 |    27 ||    37
       Punch             |       |       |     1 |       ||     1
 Cast: Shock             |    19 |    37 |   173 |   131 ||   360
       Airstrike         |       |     5 |    27 |    14 ||    46
       Static Discharge  |       |       |     2 |       ||     2
Invok: Sacrifice Drink   |       |       |     1 |       ||     1
       Sacrifice Durabil |       |       |     1 |       ||     1
 Abil: Spit Poison       |    24 |    20 |    42 |    29 ||   115
Evoke: Fan of gales      |       |       |       |     1 ||     1
  Use: Potion            |       |     6 |     1 |       ||     7
       Scroll            |       |     5 |     7 |       ||    12
 Stab: Sleeping          |     1 |       |       |       ||     1
       Invisible         |       |     1 |       |       ||     1
       Distracted        |       |       |       |     1 ||     1
  Eat: Chunk             |       |     1 |     8 |     7 ||    16
       Ration            |       |     1 |     1 |       ||     2
Armor: Robe              |     4 |     6 |    36 |    19 ||    65
Dodge: Dodged            |    16 |    34 |   139 |    75 ||   264
       Rpst.: Scimitar   |       |       |     9 |    22 ||    31

Table legend:
 A = Non-vault XP
 B = Vault XP
 C = Vault XP percentage of total XP
 D = Non-vault monster count
 E = Vault monster count
 F = Vault count percentage of total count
                 A         B        C        D         E       F
            +---------+---------+-------+---------+---------+-------
      Total |    7274 |     928 |  11.3 |     173 |      22 |  11.3
            +---------+---------+-------+---------+---------+-------
        D:1 |      10 |       0 |   0.0 |       6 |       0 |   0.0
        D:2 |      27 |       0 |   0.0 |      10 |       0 |   0.0
        D:3 |     104 |       0 |   0.0 |      22 |       0 |   0.0
        D:4 |     430 |     632 |  59.5 |      17 |       5 |  22.7
        D:5 |     699 |       0 |   0.0 |      20 |       0 |   0.0
        D:6 |     197 |       0 |   0.0 |       9 |       0 |   0.0
        D:7 |     337 |       0 |   0.0 |       4 |       0 |   0.0
        D:8 |    1397 |       0 |   0.0 |      31 |       0 |   0.0
        D:9 |    1197 |     116 |   8.8 |      27 |       1 |   3.6
       D:10 |     243 |       0 |   0.0 |       1 |       0 |   0.0
       D:11 |    2630 |     180 |   6.4 |      25 |      16 |  39.0
      Orc:1 |       3 |       0 |   0.0 |       1 |       0 |   0.0
            +---------+---------+-------+---------+---------+-------
